 Dungeon Crawl Stone Soup version 0.29-a0-791-ga0f254aafb (webtiles) character file.

Game seed: 5391978326812599804

42 Ajdolov the Chiller (level 3, -3/24 HPs)
             Began as a Merfolk Ice Elementalist on July 3, 2022.
             Slain by Terence
             ... wielding a +0 flail
              (9 damage)
             ... on level 2 of the Dungeon.
             The game lasted 00:02:22 (1559 turns).

Ajdolov the Chiller (Merfolk Ice Elementalist)      Turns: 1559, Time: 00:02:22

Health: -3/24      AC:  2    Str:  8    XL:     3   Next: 56%
Magic:  3/6        EV: 12    Int: 16    God:
Gold:   60         SH:  0    Dex: 14    Spells: 2/6 levels left

rFire   . . .      SeeInvis .   e - +2 dagger (protect)
rCold   . . .      Faith    .   (no shield)
rNeg    . . .      Spirit   .   a - +0 robe
rPois   .          Reflect  .   (no helmet)
rElec   .          Harm     .   (no cloak)
rCorr   .          Rampage  .   (no gloves)
Will    .....                   (no boots)
Stlth   ++........              (no amulet)
HPRegen 0.08/turn               (no ring)
MPRegen 0.10/turn               (no ring)

@: no status effects
A: (nimble swimmer 2), mertail
a: no special abilities


You were on level 2 of the Dungeon.
You visited 1 branch of the dungeon, and saw 2 of its levels.

You collected 60 gold pieces.

Inventory:

Hand Weapons
 e - a +2 dagger of protection (weapon)
Armour
 a - a +0 robe (worn)
Scrolls
 c - a scroll of vulnerability {unknown}
 d - a scroll of teleportation
 h - a scroll of enchant armour {unknown}
 k - a scroll of enchant weapon {unknown}
 l - a scroll of torment {unknown}
 m - 2 scrolls of identify {unknown}
Potions
 b - a potion of magic
 g - a potion of brilliance {unknown}
 i - a potion of lignification {unknown}
 j - 2 potions of mutation {unknown}
 n - 3 potions of flight {unknown}


   Skills:
 - Level 2.6 Dodging
 - Level 2.1 Stealth
 - Level 2.0 Spellcasting
 * Level 5.7 Ice Magic


You had 2 spell levels left.
You knew the following spells:

 Your Spells              Type           Power      Damage    Failure   Level
a - Freeze                Ice            80%        1d9       1%          1
b - Frozen Ramparts       Ice            40%        1d6       6%          3

Your spell library contained the following spells:

 Spells                   Type           Power      Damage    Failure   Level
 Ozocubu's Armour         Ice            20%        N/A       6%          3
 Hailstorm                Conj/Ice       10%        3d5       54%         4


Dungeon Overview and Level Annotations

Branches:
Dungeon (2/15)

Altars:

Shops:
D:1 :

Annotations:
D:2 Terence


Innate Abilities, Weirdness & Mutations

((You are very nimble when in or above water. (Stealth+, EV+, Speed+++)))
Your lower body shifts to a powerful aquatic tail in water.


Message History

The bat is heavily wounded.
The bat hits you but does no damage.
You freeze Terence.
Terence is lightly wounded.
The bat closely misses you.
A worm comes into view.
Terence hits you with a +0 flail. The bat hits you but does no damage.
The bat attacks as you move away! The bat hits you. The bat closely misses you.
The bat misses you. Terence attacks as you move away!
Terence hits you with a +0 flail.
A dart slug comes into view.
The bat hits you but does no damage. The bat closely misses you.
The bat attacks as you move away! The bat closely misses you.
The dart slug launches a dart at you. The slug dart hits you.
The bat closely misses you. Terence attacks as you move away!
Terence closely misses you.
The ball python hisses angrily.
The ball python closely misses you. The ball python grabs you.
The ball python constricts you. The ball python closely misses you.
The ball python constricts you.
You freeze the ball python!
You kill the ball python!
Terence misses you.
You freeze Terence.
Terence is moderately wounded.
Terence hits you with a +0 flail!
* * * LOW HITPOINT WARNING * * *
Unknown command.
You are too injured to fight recklessly!
Unknown command.
You aren't carrying any items that you can evoke.
Unknown command.
Aiming: Freeze (safe; 1% risk of failure)
Press: ? - help, Q - select action Shift-Dir - straight line, f/p - Terence
Aim: Terence, wielding a +0 flail and wearing a +0 scale mail (moderately wounded)
You freeze Terence.
Terence is moderately wounded.
Terence hits you with a +0 flail!
You die...

............#
..###..#.#..#
#....#.#..#
###..###..#
.........#
###..#.#..# ### #
#....#.#..# ...
##..###..###..#.#
...
........w@@†....#
###
#..###..###.......#
.# #
#.#....#..###### .#
#.#..#.#..###.## .#
........w........
.#
......##.#######.
.# ..... #... .#
!... ...... .# ...
##.......


You could see Terence and a dart slug.

Vanquished Creatures
  An adder (D:2)
  7 ball pythons
  2 bats (D:1)
  3 endoplasms
  2 giant cockroaches (D:1)
  A goblin (D:1)
  4 hobgoblins (D:1)
  3 quokkas (D:1)
  A frilled lizard (D:1)
  4 kobolds
  2 rats
30 creatures vanquished.

Notes
Turn   | Place    | Note
-------+----------+-------------------------------------------
     0 | D:1      | Ajdolov the Merfolk Ice Elementalist began the quest for
                  | the Orb.
     0 | D:1      | Reached XP level 1. HP: 13/13 MP: 3/3
   286 | D:1      | Reached XP level 2. HP: 18/19 MP: 3/5
   322 | D:1      | Reached skill level 5 in Ice Magic
   743 | D:1      | Reached XP level 3. HP: 24/24 MP: 6/6
   921 | D:1      | Found Qitucw's Book Shop.
  1376 | D:2      | Learned a level 3 spell: Frozen Ramparts
  1548 | D:2      | Noticed Terence
  1559 | D:2      | Slain by Terence

Illustrated notes

Levels and vault maps discovered:
D:1:      minmay_arrival_three_doors, layout_basic, serial_shops,
          shop_fountains, chequers_serial_rivers_small_b
D:2:      layout_basic, dreamdust_ecumenical_altar_sealed_demon,
          kennysheep_flooded_box, minmay_misc_feat_nine_boxes, st_stairs_6,
          nrook_campfire, corexii_shack, uniq_terence

Skill      XL: |  1  2 |
---------------+-------+-----
Ice Magic      | 5 |  5.7
Dodging        | |  2.6
Stealth        | |  2.1
Spellcasting   | |  2.0

Action                   || total
-------------------------++-------
Melee: Dagger            ||    42
       Unarmed           ||     1
 Cast: Freeze            ||    25
  Use: Scroll            ||     3
 Stab: Sleeping          ||     2
Armor: Robe              ||    14
Dodge: Dodged            ||    45

Table legend: (Time is in decaauts)
 A = Elapsed time spent in this place.
 B = Non-inter-level travel time spent in this place.
 C = Inter-level travel time spent in this place.
 D = Time resting spent in this place.
 E = Time spent auto-exploring this place.
 F = Levels seen in this place.
 G = Mean time per level.
                   A        B        C        D        E       F      G
               +--------+--------+--------+--------+--------+-----+--------+
         Total |   1553 |   1536 |     17 |    104 |   1218 |   2 |  776.5 |
       Dungeon |   1553 |   1536 |     17 |    104 |   1218 |   2 |  776.5 |
               +--------+--------+--------+--------+--------+-----+--------+

Top non-repeatable levels by time:
     D:1: 1245 daAuts
     D:2: 307 daAuts
